 Dungeon Crawl Stone Soup version 0.24-a0-528-g98e85ec62a (webtiles) character file.

Game seed: 962117701282748903

2391 Peloso the Carver (level 9, -7/75 HPs)
             Began as a Minotaur Fighter on Aug 5, 2019.
             Was an Initiate of Okawaru.
             Mangled by an orc wizard
             ... wielding a +2 dagger of electrocution
              (15 damage)
             ... on level 6 of the Dungeon.
             The game lasted 00:08:52 (5147 turns).

Peloso the Carver (Minotaur Fighter)                Turns: 5147, Time: 00:08:52

Health: -7/75      AC: 13    Str: 23    XL:     9   Next: 22%
Magic:  9/9        EV:  6    Int:  5    God:    Okawaru [......]
Gold:   322        SH: 11    Dex: 11    Spells: 8/8 levels left

rFire    . . .     SeeInvis .   a - +1 long sword
rCold    . . .     Gourm    .   c - +0 shield
rNeg     . . .     Faith    .   q - +0 plate armour
rPois    .         Spirit   .   (helmet restricted)
rElec    .         Reflect  .   (no cloak)
rCorr    .         Harm     +   (no gloves)
MR       .....                  (no boots)
Stlth    ..........             i - amulet of harm
HPRegen  0.22/turn              (no ring)
MPRegen  0.11/turn              (no ring)

@: no status effects
A: retaliatory headbutt, horns 2
a: Renounce Religion


You were on level 6 of the Dungeon.
You worshipped Okawaru.
Okawaru was noncommittal.
You were not hungry.

You visited 2 branches of the dungeon, and saw 8 of its levels.

You collected 322 gold pieces.

Inventory:

Hand Weapons
 a - a +1 long sword (weapon)
 g - the +9 war axe "Mafaol" {drain, +Rage rN+}
   (You found it on level 7 of the Dungeon)

   A truly terrible weapon, it drains the life of those it strikes.
   It protects you from negative energy.
   It lets you go berserk.
 r - a +1 whip of flaming
Armour
 b - a +0 scale mail
 c - a +0 shield (worn)
 m - a +2 scale mail of fire resistance
 q - a +0 plate armour (worn)
Jewellery
 i - an amulet of harm (around neck)
 o - a +2 ring of protection {unknown}
Wands
 d - a wand of random effects (33)
Scrolls
 j - 2 scrolls of remove curse
 k - 2 scrolls of enchant armour
 n - 2 scrolls of teleportation
 p - a scroll of identify
Potions
 e - a potion of resistance {unknown}
 h - a potion of flight
 l - 2 potions of curing
 s - a potion of lignification {unknown}
Comestibles
 f - 17 rations


   Skills:
 + Level 5.8 Fighting
 + Level 9.2 Long Blades
 + Level 7.9 Armour
 + Level 2.8 Dodging
 + Level 1.4 Stealth
 + Level 7.9 Shields
 + Level 1.4 Evocations


You had 8 spell levels left.
You didn't know any spells.
Your spell library contained the following spells:

 Spells                   Type           Power        Failure   Level  Hunger
 Animate Skeleton         Necr           N/A          100%        1    ##.....
 Pain                     Necr           #...         100%        1    ##.....
 Regeneration             Chrm/Necr      #.........   100%        3    ####...
 Vampiric Draining        Necr           #.........   100%        3    ####...
 Animate Dead             Necr           N/A          100%        4    #####..


Dungeon Overview and Level Annotations

Branches:
Dungeon (7/15)             Temple (1/1) D:6

Altars:
Ashenzari
Cheibriados
Dithmenos
Elyvilon
Fedhas
Hepliaklqana
Makhleb
Nemelex Xobeh
Okawaru
Qazlal
Ru
Sif Muna
Trog
Vehumet
Xom
Yredelemnul
Zin
The Shining One

Annotations:
D:4 3 runed translucent doors, Richi's ghost, amateur HuFi; Stajl's ghost, amateur VSBe; Stiffzip's ghost, novice GrVM; anet's ghost, amateur DEWz


Innate Abilities, Weirdness & Mutations

You reflexively headbutt those who attack you in melee.
You have a pair of horns on your head.


Message History

The ogre is heavily wounded.
The orc wizard hits you with a +2 dagger of electrocution.
You slash the ogre!
You kill the ogre!
Okawaru accepts your kill.
Your Long Blades skill increases to level 9!
You block the orc wizard's attack.
Things that are here:
a +0 giant spiked club; an ogre corpse You hit the orc wizard.
You headbutt the orc wizard.
The orc wizard is heavily wounded.
The orc wizard hits you but does no damage.
You are electrocuted!!
* * * LOW HITPOINT WARNING * * *
You hit the orc wizard but do no damage.
You headbutt the orc wizard.
The orc wizard is severely wounded.
The orc wizard hits you but does no damage.
You are electrocuted!
You die...

#.# #...รท........
#.#####...(.######
#.##........#
#.##.##(#####
#..........#
#..###.###.# ##.# #.#
#.#
#.###'###.##############
#...'_'@o.....[<......(.
#.#######.##############
#.# ### #...............
#.#######..#############
#..........#
####.......# #########


You could see an orc wizard.

Vanquished Creatures
  Pikel (D:4)
  Grinder (D:6)
  Sigmund (D:2)
  Menkaure (D:4)
  Purgy (D:3)
  2 ogres
  3 centaurs (D:6)
  2 bullfrogs (D:6)
  5 wights (D:6)
  2 crimson imps
  2 hounds (D:4)
  A bullfrog skeleton (D:5)
  2 orc priests
  3 orc wizards
  Jessica (D:2)
  4 worker ants
  Terence (D:2)
  3 gnolls (D:2)
  6 adders
  A shadow imp (D:5)
  An ooze (D:5)
  2 adder zombies (D:5)
  3 adder skeletons
  6 worms
  2 leopard geckos
  4 orcs
  A ball python (D:5)
  2 giant cockroaches
  7 goblins
  2 hobgoblins
  7 jackals
  4 kobolds
  A quokka (D:2)
  5 bats
  A frilled lizard (D:2)
  2 quokka zombies (D:6)
  5 rats
98 creatures vanquished.

Vanquished Creatures (others)
  A plant (D:6)
  2 withered plants (D:4)
3 creatures vanquished.

Grand Total: 101 creatures vanquished

Notes
Turn   | Place    | Note
-------+----------+-------------------------------------------
     0 | D:1      | Peloso the Minotaur Fighter began the quest for the Orb.
     0 | D:1      | Reached XP level 1. HP: 19/19 MP: 0/0
   606 | D:1      | Reached XP level 2. HP: 27/27 MP: 1/1
   803 | D:2      | Reached XP level 3. HP: 27/33 MP: 2/2
   877 | D:2      | Noticed Terence
   890 | D:2      | Killed Terence
   890 | D:2      | Reached skill level 3 in Long Blades
  1057 | D:2      | Noticed Jessica
  1065 | D:2      | Killed Jessica
  1065 | D:2      | Reached skill level 1 in Dodging
  1065 | D:2      | Reached XP level 4. HP: 37/40 MP: 3/3
  1299 | D:2      | Noticed Sigmund
  1312 | D:2      | Killed Sigmund
  1312 | D:2      | Reached skill level 4 in Long Blades
  1312 | D:2      | Reached skill level 5 in Armour
  1312 | D:2      | Reached skill level 5 in Shields
  1312 | D:2      | Reached XP level 5. HP: 26/47 MP: 4/4
  1312 | D:2      | Reached XP level 6. HP: 29/53 MP: 5/5
  1422 | D:2      | Found a hazy altar of Hepliaklqana.
  1425 | D:2      | Found a shattered altar of Ashenzari.
  1426 | D:2      | Found a sparkling altar of Nemelex Xobeh.
  1860 | D:3      | Noticed Purgy
  2100 | D:3      | Killed Purgy
  2270 | D:3      | Reached skill level 5 in Long Blades
  2442 | D:4      | Noticed Menkaure
  2450 | D:4      | Killed Menkaure
  2450 | D:4      | Reached XP level 7. HP: 41/60 MP: 6/6
  2587 | D:4      | Found a sacrificial altar of Ru.
  2818 | D:4      | Noticed Pikel
  2828 | D:4      | Killed Pikel
  2828 | D:4      | Reached skill level 5 in Fighting
  2828 | D:4      | Reached skill level 6 in Long Blades
  2828 | D:4      | Reached skill level 1 in Stealth
  2828 | D:4      | Reached XP level 8. HP: 65/68 MP: 7/7
  2850 | D:4      | Reached skill level 7 in Long Blades
  2921 | D:4      | Found a runed translucent gate.
  2922 | D:4      | Found a runed translucent gate.
  2922 | D:4      | Found a runed translucent gate.
  2924 | D:4      | Noticed Stiffzip's ghost (novice GrVM)
  2924 | D:4      | Noticed Richi's ghost (amateur HuFi)
  2924 | D:4      | Noticed Stajl's ghost (amateur VSBe)
  2924 | D:4      | Noticed anet's ghost (amateur DEWz)
  3234 | D:5      | Entered Level 5 of the Dungeon
  3454 | D:5      | You fall into a shaft and drop 2 floors!
  3489 | D:7      | Got a transparent war axe
  3753 | D:6      | Identified the +9 war axe "Mafaol" {drain, +Rage rN+} (You
                  | found it on level 7 of the Dungeon)
  3953 | D:5      | Reached skill level 8 in Long Blades
  4103 | D:5      | Found a burning altar of Makhleb.
  4408 | D:6      | Noticed Grinder
  4424 | D:6      | Killed Grinder
  4441 | D:6      | Reached XP level 9. HP: 58/75 MP: 8/8
  4446 | D:6      | Found a staircase to the Ecumenical Temple.
  4464 | Temple   | Entered the Ecumenical Temple
  4742 | D:6      | Found an iron altar of Okawaru.
  4747 | D:6      | Became a worshipper of Warmaster Okawaru
  4818 | D:6      | Reached skill level 1 in Evocations
  5144 | D:6      | Reached skill level 9 in Long Blades
  5147 | D:6      | Mangled by an orc wizard

Levels and vault maps discovered:
D:1:      minmay_arrival_plants_in_alcoves, layout_loops_corners
D:2:      layout_basic, nicolae_overflow_hidden_temple, uniq_terence,
          uniq_sigmund, uniq_jessica
D:3:      layout_loops_corners, uniq_purgy
D:4:      layout_basic, nicolae_ru_great_annihilating_truth, first_ration,
          gammafunk_ghost_cemetery, uniq_pikel, uniq_menkaure
D:5:      layout_loops_corners, kennysheep_mini_moat
D:6:      layout_basic, lemuel_doored_altar, minmay_temple_entry_proselytizer,
          guppyfry_early_elven_hall, uniq_grinder
D:7:      layout_basic, minmay_large_rounded_square, grunt_ogre_cave,
          grunt_gozag_statues
Temple:   minmay_temple_bridge_abc

Skill      XL: |  1  2  3  4  5  6  7  8  9 |
---------------+----------------------------+-----
Fighting       | 4 5 |  5.8
Armour         | 4 5 6 7 |  7.9
Shields        | 4 5 6 7 |  7.9
Long Blades    | 3 4 5 6 8 9 |  9.2
Dodging        | 1 2 |  2.8
Stealth        | 1 |  1.4
Evocations     | 1 |  1.4

Action                   |  1- 3 |  4- 6 |  7- 9 || total
-------------------------+-------+-------+-------++-------
Melee: Long sword        |    63 |    78 |   192 ||   333
       Headbutt          |     8 |    16 |    38 ||    62
Evoke: Wand              |       |       |     5 ||     5
  Use: Potion            |       |     1 |     1 ||     2
       Scroll            |       |    10 |     2 ||    12
 Stab: Paralysed         |       |       |     1 ||     1
  Eat: Chunk             |       |     4 |     7 ||    11
       Ration            |       |       |     1 ||     1
Armor: Scale mail        |    27 |    27 |     7 ||    61
       Plate armour      |       |       |    70 ||    70
Dodge: Dodged            |    20 |    32 |    31 ||    83
Block: Shield            |    29 |    58 |   109 ||   196
       Rpst.: Long sword |     5 |     4 |    11 ||    20

Table legend:
 A = Non-vault XP
 B = Vault XP
 C = Vault XP percentage of total XP
 D = Non-vault monster count
 E = Vault monster count
 F = Vault count percentage of total count
                 A         B        C        D         E       F
            +---------+---------+-------+---------+---------+-------
      Total |    1826 |    1591 |  46.6 |      86 |      12 |  12.2
            +---------+---------+-------+---------+---------+-------
        D:1 |      15 |       0 |   0.0 |       9 |       0 |   0.0
        D:2 |     106 |     304 |  74.1 |      24 |       3 |  11.1
        D:3 |      28 |     134 |  82.7 |       7 |       1 |  12.5
        D:4 |     145 |     845 |  85.4 |       5 |       6 |  54.5
        D:5 |     361 |       0 |   0.0 |      15 |       0 |   0.0
        D:6 |    1124 |     308 |  21.5 |      24 |       2 |   7.7
        D:7 |      47 |       0 |   0.0 |       2 |       0 |   0.0
            +---------+---------+-------+---------+---------+-------
